 Dungeon Crawl Stone Soup version 0.28.0-53-g5a82cb258f (webtiles) character file.

Game seed: 700008834058294812

35 issech the Chopper (level 3, 0/33 HPs)
             Began as a Minotaur Monk on June 13, 2022.
             Succumbed to an adder's poison
             ... on level 2 of the Dungeon.
             The game lasted 00:01:37 (423 turns).

issech the Chopper (Minotaur Monk)                   Turns: 423, Time: 00:01:38

Health: 0/33       AC:  2    Str: 15    XL:     3   Next: 16%
Magic:  2/2        EV: 13    Int:  7    God:
Gold:   0          SH:  0    Dex: 14    Spells: 2/2 levels left

rFire   . . .      SeeInvis .   a - +0 hand axe
rCold   . . .      Faith    .   (no shield)
rNeg    . . .      Spirit   .   b - +0 robe
rPois   .          Reflect  .   (helmet restricted)
rElec   .          Harm     .   (no cloak)
rCorr   .          Rampage  .   (no gloves)
Will    .....                   (no boots)
Stlth   ++........              (no amulet)
HPRegen 0.11/turn               (no ring)
MPRegen 0.08/turn               (no ring)

@: lethally poisoned (0 -> -3)
A: horns 2, retaliatory headbutt
a: no special abilities


You were on level 2 of the Dungeon.
You visited 1 branch of the dungeon, and saw 2 of its levels.

Inventory:

Hand Weapons
 a - a +0 hand axe (weapon)
 d - a +0 flail
Missiles
 c - 3 stones (quivered)
 e - 13 sling bullets
Armour
 b - a +0 robe (worn)
Scrolls
 f - a scroll of immolation {unknown}


   Skills:
 + Level 4.1 Fighting
 + Level 4.2 Axes
 + Level 3.7 Dodging
 + Level 1.7 Stealth


You had 2 spell levels left.
You didn't know any spells.
Your spell library was empty.

Dungeon Overview and Level Annotations

Branches:
Dungeon (1/15)

Altars:


Innate Abilities, Weirdness & Mutations

You have a pair of horns on your head.
You reflexively headbutt those who attack you in melee.


Message History

You hit the worm.
You kill the worm!
You see here a worm corpse.
c - 2 stones (gained 1)
c - 3 stones (gained 1)
Found 27 arrows.
An adder comes into view.
You see here a scroll labelled TIESHU UXEA.
f - a scroll labelled TIESHU UXEA The adder hisses angrily.
The adder bites you.
You barely miss the adder. The adder bites you but does no damage.
The adder closely misses you.
You hit the adder.
The adder is heavily wounded.
The adder bites you.
You hit the adder but do no damage.
The adder is heavily wounded.
The adder barely misses you.
You barely miss the adder.
The adder is heavily wounded.
The adder bites you.
* * * LOW HITPOINT WARNING * * *
You are lethally poisoned!
The adder poisons you! The adder bites you.
* * * LOW HITPOINT WARNING * * *
You barely miss the adder.
The adder is heavily wounded.
* * * LOW HITPOINT WARNING * * *
You feel sick. The adder misses you.
You hit the adder. You headbutt the adder.
You kill the adder!
* * * LOW HITPOINT WARNING * * *
You feel sick.
You have reached level 3!
Your experience leads to an increase in your attributes!
Increase (S)trength, (I)ntelligence, or (D)exterity?
You feel agile. x2
You aren't carrying any potions.
You die...

#..(# ..# #.#. #..#
#..###...#
##........#
##.........##
#...........#
#...........#
###...@.†.....#
#####............##
............#...##
####.†††...######
##......#
#..†.......
#..........
............
##.......?...


There were no monsters in sight!

Vanquished Creatures
  An adder (D:2)
  A worm (D:2)
  3 ball pythons
  An endoplasm (D:1)
  2 giant cockroaches (D:1)
  A goblin (D:1)
  4 hobgoblins
  2 kobolds (D:1)
  A quokka (D:1)
  4 rats
20 creatures vanquished.

Notes
Turn   | Place    | Note
-------+----------+-------------------------------------------
     0 | D:1      | issech the Minotaur Monk began the quest for the Orb.
     0 | D:1      | Reached XP level 1. HP: 19/19 MP: 0/0
   285 | D:1      | Found a faded altar of an unknown god.
   298 | D:1      | Reached XP level 2. HP: 27/27 MP: 1/1
   385 | D:1      | You fall into a shaft and drop 1 floor!
   422 | D:2      | HP: 1/27 [poisoned by an adder]
   423 | D:2      | Reached XP level 3. HP: 1/33 MP: 2/2
   423 | D:2      | Succumbed to an adder's poison

Illustrated notes

Levels and vault maps discovered:
D:1:      shiori_arrival_elements, layout_loops_ring,
          hellmonk_ecumenical_altar_crossroads, minmay_ruptured
D:2:      layout_rooms, minmay_misc_feat_square

Skill      XL: |  1  2 |
---------------+-------+-----
Axes           | 4 |  4.2
Fighting       | 4 |  4.1
Dodging        | |  3.7
Stealth        | |  1.7

Action                   || total
-------------------------++-------
Melee: Hand axe          ||    45
       Headbutt          ||    10
Throw: Stone             ||     3
Armor: Robe              ||    11
Dodge: Dodged            ||    28
